 Seeded DCSS version 0.30-a0-137-gd8773701ce (webtiles) character file.

Game seed: 14891229715380648264 (custom seed)

132127 Pooter the Marksminotaur (level 16, -3/220 HPs)
             Began as a Minotaur Berserker on Sept 22, 2022.
             Was a High Priest of Trog.
             Splashed by a goliath frog's acid (7 damage)
             ... called by a spriggan druid
             ... on level 3 of the Swamp on Sept 23, 2022.
             The game lasted 02:49:04 (48382 turns).

Pooter the Marksminotaur (Minotaur Berserker)      Turns: 48382, Time: 02:49:04

Health: -3/220     AC: 26    Str: 32    XL:     16   Next: 56%
Magic:  15/15      EV:  7    Int:  6    God:    Trog [*****.]
Gold:   668        SH:  5    Dex: 12    Spells: 15/15 levels left

rFire   . . .      SeeInvis .    d - +10 morningstar "Eos" {elec, Halo rElec}
rCold   . . .      Faith    .    (no shield)
rNeg    . . .      Spirit   .    Y - +4 crystal plate armour of Ashenzari's Scorn {Rampage}
rPois   .          Reflect  +    (helmet restricted)
rElec   +          Harm     .    W - +1 cloak
rCorr   .          Rampage  +    y - +3 pair of gauntlets of War {Slay+5}
Will    +....                    M - +0 pair of boots
Stlth   ..........               m - amulet of reflection
HPRegen 0.46/turn                h - ring of flight
MPRegen 0.14/turn                l - +6 ring of strength

@: berserking, about to teleport, corroded, flying, glowing, very quick
A: horns 2, retaliatory headbutt
a: Renounce Religion, Berserk, Trog's Hand, Brothers in Arms


You were on level 3 of the Swamp.
You worshipped Trog.
Trog was extremely pleased with you.
You visited 5 branches of the dungeon, and saw 26 of its levels.
You visited the Abyss 1 time.

You collected 2618 gold pieces.
You spent 1950 gold pieces at shops.

Inventory:

Hand Weapons
 a - a +4 battleaxe of draining
   (You took it off a hell knight on level 12 of the Dungeon)
 b - a +4 arbalest of flaming
   (You found it on level 3 of the Dungeon)
 d - the +10 morningstar "Eos" (weapon) {elec, Halo rElec}
   (You took it off a centaur warrior on level 13 of the Dungeon)

   It occasionally discharges a powerful burst of electricity upon striking a
   foe.
   It grants its wielder a halo, revealing invisible creatures and increasing
   accuracy against all within it other than the wielder.
   rElec:     It insulates you from electricity.
 i - a +4 battleaxe of venom
   (You found it on level 4 of the Lair of Beasts)
 p - a +1 battleaxe of electrocution
   (You took it off an orc warrior on level 2 of the Orcish Mines)
 A - a +2 eveningstar of draining
   (You took it off Louise on level 3 of the Swamp)
 E - a +5 antimagic broad axe
   (Trog gifted it to you on level 1 of the Orcish Mines)
Missiles
 k - 22 poisoned darts
 z - 7 curare-tipped darts
 K - a boomerang of dispersal {!f}
 U - 38 boomerangs (quivered)
 V - 13 silver javelins
Armour
 n - a +0 kite shield
   (You found it on level 2 of the Dungeon)
 y - the +3 pair of gauntlets of War (worn) {Slay+5}
   (You acquired it on level 9 of the Dungeon)

   Slay:      It affects your accuracy & damage with ranged weapons and melee
   (+5).
 M - a +0 pair of boots (worn)
   (You found it on level 7 of the Dungeon)
 W - a +1 cloak (worn)
   (You found it on level 12 of the Dungeon)
 Y - the +4 crystal plate armour of Ashenzari's Scorn (worn) {Rampage}
   (You acquired it on level 13 of the Dungeon)

   Rampage:   It bestows one free step when moving towards enemies.
Jewellery
 h - a ring of flight (left hand)
   (You bought it in a shop on level 2 of the Orcish Mines)
 j - an amulet of the acrobat
   (You found it on level 1 of the Dungeon)
 l - a +6 ring of strength (right hand)
   (You found it on level 1 of the Orcish Mines)
 m - an amulet of reflection (around neck)
   (You found it on level 7 of the Dungeon)
 r - a ring of willpower
   (You found it on level 2 of the Dungeon)
 C - a ring of resist corrosion
   (You found it on level 2 of the Orcish Mines)
 F - a ring of protection from fire
   (You bought it in a shop on level 1 of the Orcish Mines)
 I - a ring of protection from cold
   (You found it on level 2 of the Swamp)
 J - an amulet of regeneration
   (You took it off an orc warrior on level 2 of the Orcish Mines)
 P - a ring of poison resistance
   (You bought it in a shop on level 1 of the Orcish Mines)
Wands
 f - a wand of flame (24)
   (You found it on level 9 of the Dungeon)
 o - a wand of quicksilver (11)
   (You found it on level 2 of the Lair of Beasts)
 s - a wand of roots (11)
   (You took it off Natasha on level 4 of the Dungeon)
 u - a wand of paralysis (37)
   (You found it on level 5 of the Dungeon)
 B - a wand of polymorph (2)
   (You found it on level 8 of the Dungeon)
 D - a wand of digging (11)
   (You found it on level 6 of the Dungeon)
Scrolls
 e - 10 scrolls of magic mapping
 t - 18 scrolls of teleportation {@r4}
 x - a scroll of fog
 L - 3 scrolls of noise {!r}
 N - 3 scrolls of fear
 Q - 4 scrolls of immolation {!r}
 S - 2 scrolls of blinking
 T - 2 scrolls of summoning
 X - 3 scrolls of poison {!r}
Potions
 c - 13 potions of curing {@q1}
 g - 4 potions of attraction {!q}
 q - 9 potions of heal wounds {@q2}
 v - 4 potions of haste {@q3}
 w - 2 potions of might
 G - 5 potions of flight
 H - 4 potions of ambrosia
 O - 4 potions of mutation {!q}
 R - 5 potions of lignification {!q}
 Z - 2 potions of cancellation


   Skills:
 + Level 14.6 Fighting
 * Level 16.4(18.6) Axes
 - Level 14.6(17.7) Maces & Flails
 * Level 17.9 Ranged Weapons
 + Level 3.7 Throwing
 * Level 7.2 Armour
 + Level 4.8 Dodging
 + Level 3.4 Stealth
 - Level 2.1 Shields
 - Level 10.0 Evocations


You had 15 spell levels left.
You didn't know any spells.
Your spell library was empty.

Dungeon Overview and Level Annotations

Branches:
Dungeon (15/15)            Temple (0/1) D:6            Lair (5/5) D:9
  Swamp (3/4) Lair:3       Spider (0/4) Lair:2        Slime (0/5) Lair:5
    Orc (2/2) D:11            Elf (0/3) Orc:2        Vaults (0/5) D:13
 Depths (1/4) D:15

Altars:
Dithmenos
Elyvilon
Fedhas
Gozag
Hepliaklqana
Kikubaaqudgha
Okawaru
Qazlal
Ru
Sif Muna
Trog
Uskayaw
Vehumet
Xom
Yredelemnul
Zin
The Shining One
Jiyva

Shops:
Orc:1 ![*   Orc:2 =(=(

Annotations:
Lair:3 exclusion: oklob plant
Swamp:1 2 transporters, scionoferis's ghost, adept HOMo


Innate Abilities, Weirdness & Mutations

You have a pair of horns on your head.
You reflexively headbutt those who attack you in melee.


Message History

The spriggan druid closely misses you.
You puncture the eight-headed hydra!
Lightning courses through the eight-headed hydra!
You punch the eight-headed hydra! The eight-headed hydra bites you.
The eight-headed hydra bites you but does no damage. x2
You block the eight-headed hydra's attack.
The eight-headed hydra bites you. The eight-headed hydra bites you! x2
The eight-headed hydra closely misses you.
The goliath frog hits you but does no damage.
The swamp worm fires a harpoon shot at you.
The harpoon shot hits you.
You are yanked forward by the harpoon shot.
The spriggan druid gestures at you while chanting.
The stone arrow hits you!!
* * * LOW HITPOINT WARNING * * *
The swamp worm fires a harpoon shot at you.
The harpoon shot hits you.
* * * LOW HITPOINT WARNING * * *
You are yanked forward by the harpoon shot.
The eight-headed hydra bites you.
* * * LOW HITPOINT WARNING * * *
The eight-headed hydra completely misses you.
The eight-headed hydra bites you but does no damage. x3
You block the eight-headed hydra's attack.
The eight-headed hydra bites you but does no damage. x2
The goliath frog hits you!!
* * * LOW HITPOINT WARNING * * *
You are splashed with acid!
* * * LOW HITPOINT WARNING * * *
As you read the scroll of teleportation {@r4}, it crumbles to dust.
You feel strangely unstable.
The spriggan druid splashes around in the water.
The eight-headed hydra bites you!
* * * LOW HITPOINT WARNING * * *
The eight-headed hydra bites you but does no damage. x3
The eight-headed hydra barely misses you.
The eight-headed hydra bites you.
* * * LOW HITPOINT WARNING * * *
The eight-headed hydra bites you!
* * * LOW HITPOINT WARNING * * *
The eight-headed hydra barely misses you.
The goliath frog hits you but does no damage.
A red film seems to cover your vision as you go berserk!
You feel yourself moving faster!
You feel mighty!
The spriggan druid hits you but does no damage.
The swamp worm bites you but does no damage.
The goliath frog hits you!
* * * LOW HITPOINT WARNING * * *
You are splashed with acid!
You die...

§.....~~~~.~♣~ ##.#
~~~~~~~~~~~~.~.. ....
.~~~~~~~~~~~~~.... ...~.
..§~~~~...~~§.♣♣~ ♣.~!
♣♣♣...~~~...~.♣♣♣♣. ♣.D~
♣~~~~.§..~...♣♣♣♣♣.
♣~.♣♣♣~~~§♣♣~♣.~~♣♣♣.~~
♣~.)♣iwF~~♣♣ ♣~~~.♣♣.~~
♣♣.~♣D.@w~.~♣♣♣~..~...~~
♣.....D~~~...♣♣♣.~§~.~~≈
♣$~.♣~~...~.~..~~~~~..♣≈
♣♣~♣♣♣♣♣~♣§.~>~~~~~~..≈≈
♣♣ ♣.~.♣♣♣♣♣§~~....♣≈
♣.~~♣ ♣~~~.♣♣♣.≈ ♣♣♣♣♣
♣.~~~♣♣ ♣.) ♣~~~~♣ ♣~.
♣♣...♣ ♣♣^


You could see an eight-headed hydra, a swamp dragon, a spriggan druid, a goliath
frog and 2 swamp worms.

Vanquished Creatures
  Saint Roka (Orc:2)
  Jorgrun (D:14)
  A thorn hunter (Swamp:2)
  Roxanne (Swamp:3)
  A fenstrider witch (Swamp:3)
  Louise (Swamp:3)
  3 orc warlords
  The ghost of Depoub the Warrior, a journeyman OgIE of Okawaru (Lair:4)
  The ghost of Irousen the Basher, a journeyman MiFi of Okawaru (Lair:4)
  The ghost of Dutwide the Impaler, a journeyman MfGl of Yredelemnul (Lair:4)
  The ghost of Pilot the Protected, a journeyman MeFi of Gozag (Lair:4)
  2 eleionomae
  2 bunyips
  Snorg (D:11)
  The ghost of Saozxam the Sharpshooter, a journeyman KoHu of Gozag (Lair:4)
  A shambling mangrove (Swamp:2)
  Josephine (Orc:2)
  A fire dragon (Lair:5)
  A rakshasa (D:13)
  5 hydras
  8 vault guards
  A catoblepas (Lair:4)
  A ghost crab (Swamp:2)
  3 centaur warriors
  2 alligators (Swamp:1)
  8 two-headed ogres
  4 boulder beetles
  5 orc high priests
  A tengu warrior (D:15)
  Urug (Lair:2)
  10 hell knights (D:12)
  3 skeletal warriors (D:10)
  A goliath frog (Swamp:1)
  2 swamp dragons
  A wizard (D:15)
  4 bog bodies
  4 spriggan druids
  A necromancer (D:15)
  A deep elf pyromancer (D:14)
  6 orc knights
  A deep elf zephyrmancer (D:15)
  13 ugly things
  9 orc sorcerers
  3 will-o-the-wisps
  3 cyclopes
  4 manticores
  8 black mambas
  9 elephants
  3 molten gargoyles (Lair:5)
  A gargoyle (D:13)
  7 cane toads
  2 centaur skeletons (D:15)
  2 torpor snails
  A yaktaur (shapeshifter) (D:13)
  2 rime drakes
  A kobold demonologist (D:13)
  2 freezing wraiths
  An efreet (D:15)
  6 komodo dragons
  5 yaktaurs (D:15)
  2 hellwings (Swamp:3)
  3 meliai (D:14)
  6 trolls
  6 tyrant leeches
  2 hornets (Swamp:3)
  6 slime creatures (D:14)
  Prince Ribbit (Lair:1)
  8 blink frogs
  16 dream sheep
  2 culicivoras (Lair:2)
  3 jumping spiders (Lair:2)
  56 yaks
  5 spriggans
  A vampire (D:13)
  4 wyverns
  A centaur simulacrum (D:15)
  4 water elementals
  8 basilisks
  4 redbacks (Lair:2)
  5 wraiths
  12 vampire mosquitoes
  13 wargs
  14 swamp worms
  2 acid dragons
  12 water moccasins
  11 hell hounds
  68 orc warriors
  A swamp drake (Swamp:2)
  3 black bears
  3 ice beasts
  2 sky beasts
  11 ogres
  5 centaurs
  A phantom (D:4)
  10 bullfrogs
  3 wyvern zombies (D:8)
  2 gnoll sergeants
  3 scorpions
  2 necrophages
  10 wights
  21 killer bees
  3 howler monkeys
  6 electric eels
  6 lava snakes
  4 centaur zombies
  3 hounds
  5 jellies
  30 orc priests
  2 gnoll boudas
  3 iguanas
  Natasha (thrice) (D:4)
  44 orc wizards
  A boggart skeleton (D:15)
  A killer bee zombie (D:8)
  3 howler monkey zombies (D:8)
  19 gnolls
  4 adders
  A white imp (D:7)
  2 worms (D:2)
  4 dart slugs
  121 orcs
  11 ball pythons
  3 bats
  8 endoplasms
  4 giant cockroaches
  18 goblins
  7 hobgoblins
  2 jackals (D:2)
  9 kobolds
  A quokka (D:2)
  4 frilled lizards
  5 rats
867 creatures vanquished.

Vanquished Creatures (others)
  A centaur warrior (D:13)
  A kobold brigand (D:8)
  7 foxfires
  10 fungi
  51 plants
70 creatures vanquished.

Grand Total: 937 creatures vanquished

Notes
Turn   | Place    | Note
-------+----------+-------------------------------------------
     0 | D:1      | Pooter the Minotaur Berserker began the quest for the Orb.
     0 | D:1      | Reached XP level 1. HP: 19/19 MP: 0/0
   522 | D:1      | Reached XP level 2. HP: 27/27 MP: 1/1
   840 | D:1      | Found a faded altar of an unknown god.
  1149 | D:2      | Reached skill level 1 in Shields
  1167 | D:2      | Reached XP level 3. HP: 28/33 MP: 2/2
  1840 | D:2      | Reached skill level 5 in Axes
  1840 | D:2      | Reached XP level 4. HP: 30/41 MP: 3/3
  2102 | D:2      | Found a hide-covered altar of Uskayaw.
  2465 | D:3      | Found a white marble altar of Elyvilon.
  2466 | D:3      | Found a hide-covered altar of Uskayaw.
  2473 | D:3      | Reached ** piety under Trog
  3549 | D:3      | Noticed an ogre
  3558 | D:3      | Killed an ogre
  3559 | D:3      | Reached skill level 1 in Ranged Weapons
  3559 | D:3      | Reached XP level 5. HP: 47/47 MP: 4/4
  3565 | D:3      | Reached skill level 2 in Ranged Weapons
  3750 | D:4      | Reached skill level 5 in Fighting
  3781 | D:4      | Noticed Natasha
  3785 | D:4      | Killed Natasha
  3786 | D:4      | Reached XP level 6. HP: 56/56 MP: 5/5
  3908 | D:4      | Found an iron altar of Okawaru.
  3931 | D:4      | Reached skill level 3 in Ranged Weapons
  4236 | D:4      | Noticed Natasha
  4239 | D:4      | Killed Natasha
  4239 | D:4      | Reached *** piety under Trog
  4597 | D:4      | Noticed Natasha
  4602 | D:4      | Killed Natasha
  4603 | D:4      | Reached XP level 7. HP: 49/61 MP: 6/6
  4664 | D:5      | Entered Level 5 of the Dungeon
  4763 | D:5      | Reached skill level 4 in Ranged Weapons
  4855 | D:5      | Found a blossoming altar of Fedhas.
  5161 | D:5      | Reached skill level 5 in Maces & Flails
  5161 | D:5      | Reached skill level 1 in Evocations
  5714 | D:5      | Found a glowing golden altar of the Shining One.
  5754 | D:5      | Found a shimmering blue altar of Sif Muna.
  5761 | D:5      | Reached skill level 5 in Ranged Weapons
  5903 | D:5      | Found an ancient bone altar of Kikubaaqudgha.
  5911 | D:5      | Reached XP level 8. HP: 70/70 MP: 7/7
  5954 | D:5      | Found a radiant altar of Vehumet.
  6348 | D:6      | Found a stormy altar of Qazlal.
  6594 | D:6      | Reached skill level 6 in Ranged Weapons
  6864 | D:6      | Found a staircase to the Ecumenical Temple.
  6960 | D:6      | Found a hazy altar of Hepliaklqana.
  7372 | D:7      | Reached XP level 9. HP: 79/79 MP: 8/8
  7466 | D:7      | Found a shadowy altar of Dithmenos.
  7467 | D:7      | Found a shimmering altar of Xom.
  7740 | D:7      | Reached skill level 7 in Ranged Weapons
  7861 | D:7      | HP: 5/118 [poisoned by a killer bee]
  8501 | D:8      | Reached **** piety under Trog
  8975 | D:8      | Reached skill level 8 in Ranged Weapons
  9428 | D:8      | Found a basalt altar of Yredelemnul.
 10897 | D:9      | Identified a scroll of acquirement
 10897 | D:9      | Acquired the +3 pair of gauntlets of War {Slay+5}
 10897 | D:9      | Found the +3 pair of gauntlets of War {Slay+5}
 10986 | D:9      | Reached XP level 10. HP: 88/88 MP: 9/9
 11195 | D:9      | Reached skill level 9 in Ranged Weapons
 11221 | D:9      | Reached skill level 10 in Maces & Flails
 11649 | D:9      | Reached skill level 5 in Evocations
 11829 | D:9      | Reached skill level 10 in Ranged Weapons
 11845 | D:9      | Found a staircase to the Lair.
 11865 | D:10     | Entered Level 10 of the Dungeon
 11958 | D:10     | Noticed a skeletal warrior
 11958 | D:10     | Noticed a skeletal warrior
 11967 | D:10     | Killed a skeletal warrior
 11968 | D:10     | Reached XP level 11. HP: 97/97 MP: 10/10
 11971 | D:10     | Killed a skeletal warrior
 12110 | D:10     | Noticed a skeletal warrior
 12116 | D:10     | Killed a skeletal warrior
 12337 | D:10     | Noticed a two-headed ogre
 12345 | D:10     | Killed a two-headed ogre
 12433 | D:10     | Found an opulent altar of Gozag.
 12553 | D:10     | Identified the +1 great sword of Wifuw {vorpal, Stlth+}
 12686 | D:10     | Reached skill level 11 in Ranged Weapons
 13219 | Lair:1   | Entered Level 1 of the Lair of Beasts
 13250 | Lair:1   | Reached skill level 10 in Fighting
 13436 | Lair:1   | Noticed a boulder beetle
 13522 | Lair:1   | Killed a boulder beetle
 14381 | Lair:1   | Reached XP level 12. HP: 106/106 MP: 11/11
 14567 | Lair:1   | Noticed Prince Ribbit
 14572 | Lair:1   | Killed Prince Ribbit
 14700 | Lair:1   | Reached skill level 12 in Ranged Weapons
 14909 | Lair:1   | Found a bloodstained altar of Trog.
 15978 | Lair:2   | Noticed Urug
 15994 | Lair:2   | Killed Urug
 16207 | Lair:2   | Found a hole to the Spider Nest.
 17390 | Lair:3   | Reached skill level 13 in Ranged Weapons
 18185 | Lair:3   | Found a staircase to the Swamp.
 18688 | Lair:4   | Reached XP level 13. HP: 90/116 MP: 12/12
 19075 | Lair:4   | Found a runed translucent gate.
 19075 | Lair:4   | Found a runed translucent gate.
 19075 | Lair:4   | Found a runed translucent gate.
 19076 | Lair:4   | Noticed Irousen's ghost (journeyman MiFi)
 19076 | Lair:4   | Noticed Dutwide's ghost (journeyman MfGl)
 19077 | Lair:4   | Noticed Depoub's ghost (journeyman OgIE)
 19077 | Lair:4   | Noticed Pilot's ghost (journeyman MeFi)
 19078 | Lair:4   | Noticed Saozxam's ghost (journeyman KoHu)
 19135 | Lair:4   | Reached skill level 10 in Axes
 19736 | Lair:5   | Entered Level 5 of the Lair of Beasts
 20950 | Lair:5   | Found a runed translucent door.
 20952 | Lair:5   | Found a viscous altar of Jiyva.
 20953 | Lair:5   | Found a staircase to the Slime Pits.
 21059 | Lair:5   | Reached ***** piety under Trog
 21447 | Lair:5   | Reached skill level 14 in Ranged Weapons
 23136 | Lair:5   | Noticed a fire dragon
 23161 | Lair:5   | Found a large runed translucent door.
 23162 | Lair:5   | Found a large runed translucent door.
 23517 | Lair:5   | Killed a fire dragon
 23852 | D:11     | Noticed Snorg
 23865 | D:11     | Killed Snorg
 24844 | D:11     | Found a staircase to the Orcish Mines.
 24851 | Orc:1    | Entered Level 1 of the Orcish Mines
 24851 | Orc:1    | Found Lomimuvy's Distillery.
 24932 | Orc:1    | Found Panzopobo's Practical Paraphernalia.
 24981 | Orc:1    | Found Katso's Antique Armour Boutique.
 25013 | Orc:1    | Bought a masterwork chain mail for 275 gold pieces
 25013 | Orc:1    | Identified the +1 chain mail "Lacsiyrgh" {MP+9} (You bought
                  | it in a shop on level 1 of the Orcish Mines)
 25031 | Orc:1    | Bought a potion of curing for 54 gold pieces
 25031 | Orc:1    | Bought a potion of mutation for 144 gold pieces
 25040 | Orc:1    | Reached XP level 14. HP: 126/127 MP: 13/13
 25236 | Orc:1    | Bought a ring of protection from fire for 375 gold pieces
 25236 | Orc:1    | Bought a ring of poison resistance for 300 gold pieces
 25360 | Orc:1    | Identified the +11 dire flail "Kyngynn" {vorpal, rN++ MP-9
                  | Str+3}
 25360 | Orc:1    | Noticed an orc warlord
 25374 | Orc:1    | Killed an orc warlord
 25387 | Orc:1    | Received a gift from Trog
 25388 | Orc:1    | Reached skill level 15 in Ranged Weapons
 25464 | Orc:1    | Noticed an orc warlord
 26212 | Orc:1    | Killed an orc warlord
 26334 | Orc:2    | Entered Level 2 of the Orcish Mines
 28018 | Orc:2    | Noticed Saint Roka
 28369 | Orc:2    | Killed Saint Roka
 29967 | Orc:2    | Noticed Josephine
 29981 | Orc:2    | Killed Josephine
 30152 | Orc:2    | Found Rakliz's Antique Weapon Boutique.
 30192 | Orc:2    | Found Qozati's Jewellery Shop.
 30319 | Orc:2    | Bought a ring of flight for 262 gold pieces
 31174 | Orc:2    | Noticed an orc warlord
 31185 | Orc:2    | Killed an orc warlord
 31340 | Orc:2    | Reached skill level 16 in Ranged Weapons
 32113 | Orc:2    | Found Aruf's Antique Weapon Emporium.
 32168 | Orc:2    | Found Xume's Jewellery Boutique.
 32437 | Orc:2    | Found a staircase to the Elven Halls.
 33147 | D:11     | Found a glowing silver altar of Zin.
 33817 | D:12     | Reached XP level 15. HP: 99/136 MP: 14/14
 37210 | D:13     | Found a gate to the Vaults.
 37881 | D:13     | Reached skill level 15 in Axes
 38262 | D:13     | Identified the +1 robe of Keicu {rF++ rC+ rN+ Str-2}
 38352 | D:13     | Reached skill level 10 in Evocations
 38852 | D:13     | Acquired the +4 crystal plate armour of Ashenzari's Scorn
                  | {Rampage}
 39465 | D:13     | Reached skill level 17 in Ranged Weapons
 40013 | D:14     | Noticed Jorgrun
 40018 | D:14     | Reached skill level 1 in Throwing
 40021 | D:14     | Reached skill level 1 in Stealth
 40029 | D:14     | Killed Jorgrun
 40824 | D:15     | Entered Level 15 of the Dungeon
 41132 | D:15     | Found a sacrificial altar of Ru.
 42115 | D:15     | Reached skill level 5 in Armour
 42169 | D:15     | Reached XP level 16. HP: 119/146 MP: 5/15
 42289 | D:15     | Found a staircase to the Depths.
 42295 | Depths:1 | Entered Level 1 of the Depths
 43700 | Lair:4   | Killed Irousen's ghost
 43703 | Lair:4   | Killed Dutwide's ghost
 43704 | Lair:4   | Killed Saozxam's ghost
 43707 | Lair:4   | Killed Pilot's ghost
 43715 | Lair:4   | HP: 4/147 [Depoub's ghost (6)]
 43718 | Lair:4   | Killed Depoub's ghost
 44217 | Orc:1    | Bought a potion of haste for 180 gold pieces
 44217 | Orc:1    | Bought a potion of haste for 180 gold pieces
 44217 | Orc:1    | Bought 2 potions of heal wounds for 180 gold pieces
 44374 | Swamp:1  | Entered Level 1 of the Swamp
 44582 | Swamp:1  | Found a transporter.
 44598 | Swamp:1  | Noticed a thorn hunter
 44599 | Swamp:1  | Noticed scionoferis's ghost (adept HOMo)
 45004 | Swamp:1  | Found a transporter.
 46135 | Swamp:2  | Noticed a thorn hunter
 46141 | Swamp:2  | Killed a thorn hunter
 47894 | Swamp:3  | Paralysed by a fenstrider witch for 2 turns
 47894 | Swamp:3  | Noticed Louise
 48108 | Abyss:2  | Cast into level 2 of the Abyss (Louise)
 48112 | Abyss:2  | Found a corrupted altar of Lugonu.
 48121 | Abyss:2  | Noticed a tentacled starspawn
 48123 | Swamp:3  | Escaped the Abyss
 48140 | Swamp:3  | Killed Louise
 48306 | Swamp:3  | Noticed Roxanne
 48320 | Swamp:3  | Killed Roxanne
 48382 | Swamp:3  | HP: 4/220 [goliath frog[a spriggan druid] (15)]
 48382 | Swamp:3  | Splashed by a goliath frog's acid

Illustrated notes

Levels and vault maps discovered:
D:1:      scummos_arrival_checkerplants, layout_basic, serial_curves,
          eino_curves_04, eino_curves_01, hellmonk_ecumenical_altar_crossroads,
          minmay_misc_feat_doors
D:2:      layout_basic, basic_altar
D:3:      layout_rooms, mainiacjoe_overflow_catwalk_spiral, minmay_ogre_servants
D:4:      layout_loops_corners, mainiacjoe_overflow_concentric_impassable,
          uniq_natasha
D:5:      layout_cave_pods, palyth_temple_overflow_mages,
          mainiacjoe_overflow_surrounded_room, fedhas_bush_and_centaur_altar
D:6:      layout_loops_ring, nzn_hepliaklqana_mist_gate, lemuel_round_altar,
          minmay_temple_entry_mini_moons, serial_glass, glass_columns_b,
          glass_columns_a
D:7:      layout_rooms, minitemple
D:8:      layout_basic, nicolae_yredelemnul_corpse_copse,
          nicolae_figureground_pulse
D:9:      layout_roguey, david_lair_shrubbed, due_unseen_surprise
D:10:     layout_loops_ring, mainiacjoe_overflow_brackets, corexii_corridor_pit,
          statue_in_the_mist_lemuel
D:11:     layout_loops_corners, orc_0_dummy, zin_treasury, uniq_snorg
D:12:     layout_irregular_city, minmay_rotating_lava
D:13:     layout_rooms, erik_vaults_2, serial_bayou, serial_bayou_ford_a,
          serial_bayou_lake_a, serial_bayou_pond_e, serial_bayou_pond_d,
          serial_bayou_pond_d, chequers_serial_rivers_large_b
D:14:     layout_roguey, uniq_jorgrun
D:15:     grunt_enter_depths_magical_seal, layout_basic, serial_curves,
          eino_curves_04, eino_curves_02, grunt_decor_clamped,
          nicolae_ru_awakened_eye
Lair:1:   layout_layer_cave, basic_altar, serial_bayou_shore_b,
          uniq_prince_ribbit2
Lair:2:   layout_gridlike, nicolae_spider_entry_tight_spaces,
          dreamdust_gnoll_shepherd, grunt_megastairs_5, uniq_urug
Lair:3:   layout_gridlike, nicolae_swamp_entry_splash_gauntlet, serial_forest,
          infiniplex_forest_lined_room_3, infiniplex_forest_lined_2,
          infiniplex_forest_lined_room_2, infiniplex_forest_lined_corner,
          infiniplex_forest_straight_2, infiniplex_forest_clump_curved,
          dpeg_oklob_1, infiniplex_staircase_pool_2
Lair:4:   layout_roguey, gammafunk_ghost_cemetery
Lair:5:   cheibrodos_lair_end_hotspot, layout_gridlike, slime_entry_2,
          infiniplex_staircase_pool, lemuel_fruit_tree
Swamp:1:  layout_falls_marsh, gammafunk_ghost_arena,
          nicolae_swamp_well_well_well
Swamp:2:  layout_basic_swamp, nicolae_swamp_bean_lake
Swamp:3:  layout_basic_swamp, serial_swamp_ruin, evilmike_swamp_ruin_rubble_2,
          evilmike_swamp_ruin_house_2, evilmike_swamp_ruin_house_3, swamp_pool1,
          nicolae_swamp_tree_designs, uniq_louise, uniq_roxanne
Orc:1:    layout_diamond_mine, serial_shops, shop, shop_statue,
          nicolae_alphabet_shops, minmay_orc_treasury
Orc:2:    pubby_orc_utopia, serial_shops, uniq_saint_roka, uniq_josephine
Depths:1: layout_twisted_cross, grunt_mini_vestibule,
          nicolae_transporter_intersection

Skill      XL: |  1  2  3  4  5  6  7  8  9 10 11 12 13 14 15 16 |
---------------+-------------------------------------------------+-----
Axes           | 4 5 6 7 9 12 14 15 16 | 16.4
Fighting       | 4 5 6 7 8 9 10 11 12 13 14 | 14.6
Shields        | 1 2 |  2.1
Maces & Flails | 2 4 5 7 9 11 12 14 | 14.6
Ranged Weapons | 1 2 3 5 6 8 10 11 13 14 16 17 | 17.9
Evocations     | 1 3 4 5 6 7 8 9 10 | 10.0
Armour         | 5 7 |  7.2
Throwing       | 2 3 |  3.7
Stealth        | 2 3 |  3.4
Dodging        | 3 4 |  4.8

Action                   |  1- 3 |  4- 6 |  7- 9 | 10-12 | 13-15 | 16-18 || total
-------------------------+-------+-------+-------+-------+-------+-------++-------
Melee: Hand axe          |    33 |       |       |       |       |       ||    33
       Headbutt          |     8 |     4 |    26 |    71 |   169 |    30 ||   308
       Flail             |    29 |    48 |       |       |       |       ||    77
       Morningstar       |       |    29 |   200 |    52 |       |     7 ||   288
       Punch             |       |     1 |     1 |     5 |     7 |     2 ||    16
       War axe           |       |       |       |   187 |   168 |       ||   355
       Broad axe         |       |       |       |       |   410 |    37 ||   447
       Battleaxe         |       |       |       |       |     9 |    81 ||    90
       Demon trident     |       |       |       |       |     4 |       ||     4
 Fire: Arbalest          |       |    75 |   141 |   168 |   648 |   115 ||  1147
Throw: Dart              |       |       |     4 |     4 |       |       ||     8
       Boomerang         |       |       |       |       |    29 |     1 ||    30
Invok: Berserk           |     1 |     3 |    10 |    13 |    19 |     4 ||    50
       Trog's Hand       |       |       |     4 |    12 |    32 |     4 ||    52
Evoke: Wand              |       |       |     6 |     4 |    29 |       ||    39
  Use: Scroll            |     1 |     4 |    11 |    12 |    11 |     3 ||    42
       Potion            |       |       |     1 |       |     6 |     4 ||    11
 Stab: Sleeping          |     1 |       |       |       |       |       ||     1
       Paralysed         |       |       |       |     1 |       |       ||     1
       Distracted        |       |       |       |       |     1 |       ||     1
Armor: Animal skin       |     8 |     6 |       |       |       |       ||    14
       Ring mail         |       |    18 |       |       |       |       ||    18
       Chain mail        |       |     1 |   161 |   109 |    95 |       ||   366
       Plate armour      |       |       |       |       |   178 |       ||   178
       Crystal plate arm |       |       |       |       |    79 |   131 ||   210
Dodge: Dodged            |    40 |    73 |    96 |   107 |   260 |    50 ||   626
Block: Buckler           |     5 |       |       |       |       |       ||     5
       Kite shield       |     4 |    21 |       |       |       |       ||    25
       Other             |       |       |    48 |    33 |    60 |    53 ||   194
       Reflection        |       |       |     1 |     3 |     4 |       ||     8

Table legend: (Time is in decaauts)
 A = Elapsed time spent in this place.
 B = Non-inter-level travel time spent in this place.
 C = Inter-level travel time spent in this place.
 D = Time resting spent in this place.
 E = Time spent auto-exploring this place.
 F = Levels seen in this place.
 G = Mean time per level.
                   A        B        C        D        E       F      G
               +--------+--------+--------+--------+--------+-----+--------+
         Total |  49268 |  47229 |   2039 |  20559 |  20981 |  27 | 1824.7 |
       Dungeon |  25954 |  24517 |   1437 |   9296 |  12147 |  15 | 1730.3 |
          Lair |  11288 |  10811 |    477 |   4504 |   5129 |   5 | 2257.6 |
         Swamp |   4034 |   4000 |     34 |   2344 |   1202 |   3 | 1344.7 |
  Orcish Mines |   7951 |   7861 |     90 |   4414 |   2503 |   2 | 3975.5 |
        Depths |     24 |     24 |      0 |      0 |      0 |   1 |   24.0 |
         Abyss |     14 |     14 |      0 |      0 |      0 |   1 |   14.0 |
               +--------+--------+--------+--------+--------+-----+--------+

Top non-repeatable levels by time:
   Orc:2: 6072 daAuts
    D:12: 4464 daAuts
  Lair:5: 3980 daAuts
    D:13: 2305 daAuts
 Swamp:2: 2240 daAuts
  Lair:1: 2215 daAuts
  Lair:3: 2199 daAuts
     D:8: 2105 daAuts
    D:15: 2099 daAuts
   Orc:1: 1879 daAuts
     D:5: 1755 daAuts
    D:10: 1673 daAuts
     D:7: 1662 daAuts
    D:11: 1604 daAuts
 Swamp:1: 1585 daAuts
